Map: Purity and Industry LE

Players

AgoElazer (Elazer) - Winner!

  • Race: Zerg Zerg
  • Spawn Location: 3:00

SortOf

  • Race: Zerg Zerg
  • Spawn Location: 12:00

Event: StayAtHomestory Cup #1

VOD

Have the link to the VOD?

Description

Time

  • Played on: April 11, 2020, 12:40 p.m.
  • Length: 2:39

All games in this series

Show
View Real Time Build Order
Export as new Build Order

AgoElazer Zerg - Winner!

Build Orders: Hatch First 

Get SALT Encoding   

  12  0:00  Drone  
  13  0:12  Overlord  
  13  0:17  Drone  
  14  0:30  Drone x2  
  16  0:49  Hatchery  
  15  0:52  Drone  
  15  0:55  Drone  
  17  0:59  Drone  
  18  1:09  Extractor  
  17  1:14  Spawning Pool  
  17  1:17  Drone  
  17  1:20  Drone  
  18  1:28  Drone  
  19  1:41  Overlord  
  19  2:01  Zergling x2, Queen x2  
  21  2:02  Zergling x4  
  26  2:11  Zergling x2  
  26  2:12  Zergling x2  
Show
View Real Time Build Order
Export as new Build Order

SortOf Zerg 

Build Orders: Pool First 

Get SALT Encoding   

  12  0:17  Spawning Pool  
  11  0:22  Drone  
  11  0:27  Drone  
  13  0:31  Drone  
  14  0:40  Overlord  
  14  1:04  Zergling x4  
  14  1:05  Spore Crawler, Zergling x2  
  16  1:18  Zergling x2  
  17  1:28  Hatchery  
  17  1:31  Zergling x2  
  17  1:41  Zergling x2  
  18  1:50  Queen  
  18  1:54  Zergling x2  
  21  2:05  Overlord  
  21  2:16  Drone  
Tags
 
Add a new tag
Caveats
  • Supply blocks, unpowered buildings, or Contaminate may cause inaccurate times.
  • Supply counts are checked every 10 seconds.